Map: Templo óseo EE

Players

velezz

  • Race: Protoss Protoss
  • Spawn Location: 3:00

Bregains

  • Race: Terran Terran
  • League: Gold
  • Spawn Location: 12:00

JMV

  • Race: Protoss Protoss
  • League: Silver
  • Spawn Location: 1:00

TATORREA - Winner!

  • Race: Protoss Protoss
  • League: Gold
  • Spawn Location: 7:00

tigro - Winner!

  • Race: Terran Terran
  • League: Bronze
  • Spawn Location: 6:00

MrFercho - Winner!

  • Race: Zerg Zerg
  • League: Gold
  • Spawn Location: 7:00

VOD

Have the link to the VOD?

Description

Time

  • Played on: Aug. 2, 2020, 8:58 p.m.
  • Length: 16:04
Show
View Real Time Build Order
Export as new Build Order

velezz Protoss 

Build Orders:  

Get SALT Encoding   

  12  0:07  Probe  
  13  0:22  Pylon  
  13  0:43  Gateway  
  13  0:46  Forge  
  13  0:56  Pylon  
  13  1:03  Assimilator, Probe (Chrono Boost)  
  14  1:13  Pylon  
  14  1:20  Assimilator, Probe  
  15  1:54  Photon Cannon  
  15  1:56  Probe (Chrono Boost)  
  16  2:04  Assimilator  
  16  2:07  Probe (Chrono Boost)  
  17  2:12  Probe (Chrono Boost)  
  17  2:13  Pylon  
  18  2:23  Probe  
  19  2:35  Probe  
  19  2:36  Cybernetics Core  
  20  2:47  Probe  
  21  2:58  Photon Cannon  
  21  3:02  Probe (Chrono Boost)  
  22  3:14  Probe (Chrono Boost)  
  23  3:21  Probe (Chrono Boost)  
  23  3:22  Stargate  
  24  3:28  Probe  
  24  3:29  Stargate  
  25  3:34  Pylon  
  25  3:42  Pylon  
  25  3:49  Probe (Chrono Boost)  
  26  3:59  Probe (Chrono Boost)  
  29  4:16  Phoenix x2 (Chrono Boost)  
  31  4:32  Phoenix (Chrono Boost)  
  31  4:34  Phoenix  
  35  4:59  Phoenix x2  
  39  5:24  Phoenix  
  41  6:56  Phoenix  
  41  6:57  Phoenix  
  45  7:21  Phoenix  
  45  7:22  Phoenix  
  49  7:46  Phoenix  
  49  7:47  Phoenix  
  53  8:11  Void Ray, Phoenix  
  59  8:16  Stargate  
  59  8:19  Pylon  
  59  8:31  Nexus  
  59  8:35  Assimilator  
  59  8:36  Void Ray  
  63  8:58  Void Ray  
  67  9:07  Void Ray  
  71  9:42  Void Ray  
  75  9:48  Pylon  
  75  9:50  Pylon  
  75  9:52  Pylon  
  75  9:59  Pylon  
  75  10:03  Pylon  
  75  10:05  Pylon  
  75  10:07  Pylon  
  75  10:09  Pylon  
  75  10:13  Pylon  
  75  10:16  Cybernetics Core  
  75  10:22  Protoss Shields Level 1  
  75  10:33  Protoss Air Weapons Level 1  
  75  10:45  Pylon  
  75  10:47  Pylon  
  75  10:49  Pylon  
  75  11:06  Void Ray  
  35  11:57  Void Ray  
  35  11:58  Void Ray  
  43  12:20  Nexus  
  39  12:51  Void Ray  
  43  12:52  Phoenix  
  45  13:01  Probe (Chrono Boost)  
  46  13:11  Assimilator  
  46  13:12  Probe (Chrono Boost)  
Show
View Real Time Build Order
Export as new Build Order

Bregains Terran 

Build Orders: Command Center First (CC) 

Get SALT Encoding   

  12  0:01  SCV  
  13  0:13  SCV  
  14  0:25  SCV  
  15  0:32  Supply Depot  
  15  0:54  SCV  
  16  1:10  SCV  
  17  1:24  Command Center  
  17  1:32  Barracks  
  17  1:43  Refinery  
  17  1:46  Refinery  
  17  1:49  Engineering Bay  
  17  1:57  SCV  
  18  2:09  SCV  
  19  2:22  Marine  
  20  2:28  Orbital Command  
  20  2:37  Factory  
  20  2:40  Marine  
  20  2:41  SCV  
  22  2:53  SCV  
  22  2:54  Missile Turret  
  23  3:10  SCV x2  
  25  3:15  Missile Turret  
  25  3:17  Barracks  
  25  3:24  Factory Tech Lab  
  25  3:46  Siege Tank  
  28  3:49  SCV  
  28  3:54  SCV  
  30  4:01  SCV  
  32  4:13  SCV  
  32  4:14  Orbital Command  
  32  4:15  Barracks Reactor  
  32  4:23  Starport  
  32  4:25  Siege Tank  
  32  4:29  SCV  
  36  4:39  Command Center  
  36  4:41  SCV  
  37  4:47  Missile Turret  
  37  4:49  Missile Turret  
  37  4:50  SCV  
  38  5:06  Terran Infantry Weapons Level 1, SCV  
  39  5:08  SCV  
  40  5:17  Marine x2  
  40  5:18  SCV  
  40  5:20  SCV  
  44  5:21  Starport Reactor  
  44  5:25  Barracks  
  44  5:30  Missile Turret  
  44  5:33  SCV x2  
  46  5:43  Supply Depot  
  46  5:49  Missile Turret  
  46  5:50  Marine x2  
  48  5:58  Command Center  
  48  6:05  Supply Depot  
  48  6:13  SCV x3  
  51  6:23  Refinery  
  51  6:25  SCV, Refinery  
  52  6:26  Barracks Tech Lab  
  52  6:27  Marine x2  
  34  7:15  Orbital Command  
  33  7:29  Planetary Fortress  
  32  7:33  Factory Tech Lab  
  32  7:43  SCV  
  32  7:44  SCV x2  
  35  7:54  Viking x2  
  35  7:55  SCV  
  35  7:56  Barracks Reactor  
  35  7:57  Siege Tank  
  43  8:02  SCV x2  
  45  8:08  SCV  
  46  8:14  SCV  
  46  8:15  Starport  
  47  8:20  Armory, SCV x3  
  47  8:25  Refinery  
  50  8:29  Siege Tank  
  50  8:31  Refinery  
  53  8:41  Marine  
  53  8:42  Marine  
  53  8:47  SCV  
  53  8:48  SCV x3  
  59  8:59  Marine x2, Refinery  
  59  9:00  SCV  
  62  9:04  SCV x3  
  65  9:12  Refinery, SCV  
  66  9:17  Marine  
  66  9:18  Starport Tech Lab  
  66  9:24  Fusion Core  
  67  9:29  Starport  
  67  9:32  Armory  
  67  9:34  SCV  
  67  9:35  SCV x3  
  71  9:39  Supply Depot  
  71  9:43  Terran Ship Weapons Level 1  
  71  9:50  Starport  
  71  9:57  Siege Tank  
  74  10:02  SCV x3  
  74  10:03  Supply Depot, SCV  
  78  10:08  Bunker  
  78  10:13  Marine x2  
  80  10:17  SCV x4  
  84  10:25  Starport Tech Lab  
  84  10:29  Battlecruiser, Siege Tank, SCV, Starport Tech Lab  
  84  10:30  Marine  
  84  10:31  Marine  
  84  10:34  Starport  
  96  10:39  Bunker  
  96  10:40  Starport  
  96  10:41  Terran Vehicle And Ship Armor Level 1  
  96  10:44  Armory  
  96  10:46  Weapon Refit  
  96  10:48  Marine  
  97  10:50  Supply Depot  
  97  11:13  Supply Depot  
  97  11:20  Bunker  
  97  11:27  Missile Turret  
  97  11:34  SCV  
  97  11:35  SCV  
  97  11:39  Refinery  
  99  11:45  Battlecruiser x3  
  99  11:46  SCV  
  118  11:47  SCV  
  118  11:48  Missile Turret  
  118  11:49  Starport Tech Lab  
  119  11:58  SCV  
  119  11:59  Supply Depot, SCV, Starport Tech Lab  
  121  12:10  SCV  
  121  12:12  SCV  
  79  12:37  Command Center  
  79  12:42  Battlecruiser x2  
  88  12:49  Battlecruiser  
  94  13:07  Command Center  
  94  13:43  Battlecruiser  
  100  14:07  Battlecruiser  
  122  14:17  Missile Turret  
  122  14:19  Missile Turret  
  117  14:24  Missile Turret  
Show
View Real Time Build Order
Export as new Build Order

JMV Protoss 

Build Orders: Carriers 

Get SALT Encoding   

  12  0:05  Probe  
  13  0:19  Probe (Chrono Boost)  
  14  0:23  Pylon  
  14  0:31  Probe (Chrono Boost)  
  15  0:40  Probe (Chrono Boost)  
  16  0:50  Probe  
  17  1:07  Pylon  
  17  1:11  Pylon  
  17  1:15  Probe  
  18  1:27  Probe  
  18  1:30  Gateway  
  19  1:33  Forge  
  19  1:36  Assimilator  
  19  1:39  Probe  
  20  1:51  Probe  
  21  1:54  Nexus  
  21  2:18  Probe  
  22  2:25  Assimilator  
  22  2:31  Probe  
  22  2:32  Cybernetics Core  
  23  3:00  Probe (Chrono Boost)  
  24  3:11  Probe (Chrono Boost)  
  25  3:16  Probe (Chrono Boost)  
  25  3:17  Stargate  
  27  3:20  Probe (Chrono Boost)  
  27  3:24  Probe (Chrono Boost)  
  29  3:28  Probe (Chrono Boost), Stargate  
  29  3:29  Probe (Chrono Boost)  
  30  3:38  Probe (Chrono Boost)  
  30  3:40  Probe (Chrono Boost)  
  32  3:45  Probe x2 (Chrono Boost)  
  32  3:46  Assimilator  
  34  3:50  Assimilator  
  34  3:52  Probe  
  34  3:54  Probe  
  36  4:05  Probe (Chrono Boost)  
  36  4:06  Probe (Chrono Boost)  
  40  4:18  Probe (Chrono Boost), Nexus  
  40  4:19  Probe (Chrono Boost)  
  40  4:22  Void Ray  
  44  4:27  Pylon, Probe x2 (Chrono Boost)  
  46  4:32  Probe (Chrono Boost)  
  46  4:33  Pylon, Probe (Chrono Boost)  
  46  4:35  Assimilator  
  48  4:39  Assimilator  
  48  4:44  Probe  
  49  4:53  Void Ray  
  53  5:05  Void Ray  
  53  5:06  Photon Cannon  
  57  5:08  Photon Cannon  
  57  5:11  Photon Cannon  
  57  5:12  Protoss Air Weapons Level 1  
  57  5:13  Probe (Chrono Boost)  
  58  5:16  Probe (Chrono Boost)  
  59  5:27  Probe (Chrono Boost)  
  59  5:28  Probe (Chrono Boost)  
  61  5:34  Probe (Chrono Boost)  
  61  5:35  Probe (Chrono Boost)  
  64  5:36  Probe (Chrono Boost)  
  64  5:38  Nexus  
  64  5:45  Void Ray  
  64  5:46  Probe (Chrono Boost)  
  69  5:50  Probe (Chrono Boost)  
  69  5:56  Photon Cannon  
  70  6:00  Photon Cannon  
  70  6:02  Probe  
  71  6:14  Probe  
  72  6:22  Protoss Shields Level 1  
  72  6:24  Void Ray, Pylon  
  76  6:26  Probe  
  76  6:27  Pylon  
  76  6:29  Pylon  
  77  6:33  Pylon  
  77  6:38  Probe  
  78  6:50  Probe  
  79  7:42  Void Ray x2  
  87  7:49  Stargate  
  87  7:52  Stargate x2  
  87  7:55  Stargate  
  87  7:57  Probe, Stargate  
  88  8:03  Probe  
  89  8:08  Protoss Air Armor Level 1  
  89  8:09  Probe  
  90  8:15  Probe  
  91  8:21  Probe  
  92  8:27  Probe  
  92  8:30  Cybernetics Core  
  92  8:33  Pylon, Probe  
  94  8:35  Pylon  
  94  8:37  Pylon  
  94  8:38  Pylon  
  94  8:40  Pylon, Probe  
  95  8:42  Pylon  
  95  8:44  Pylon  
  95  8:45  Pylon, Probe  
  96  8:52  Probe  
  97  8:56  Void Ray x3  
  97  8:57  Void Ray x3  
  97  8:58  Void Ray  
  125  9:06  Fleet Beacon  
  125  9:11  Twilight Council  
  125  9:15  Probe  
  126  9:24  Probe  
  127  9:27  Probe  
  127  9:29  Assimilator, Probe  
  129  9:33  Assimilator  
  129  9:36  Probe  
  130  9:39  Probe  
  130  9:41  Probe  
  130  9:42  Pylon  
  132  9:48  Probe  
  132  9:50  Protoss Shields Level 2  
  132  9:51  Probe  
  132  9:52  Unknown  
  134  9:53  Probe  
  135  10:07  Carrier x2  
  135  10:08  Carrier x3  
  135  10:13  Protoss Air Weapons Level 2  
  165  10:35  Carrier  
  171  10:40  Protoss Air Armor Level 2  
  171  11:03  Carrier  
  121  11:53  Carrier x4  
  145  12:37  Carrier (Chrono Boost)  
  145  12:41  Carrier (Chrono Boost)  
  163  12:54  Carrier x2 (Chrono Boost)  
  163  12:55  Carrier (Chrono Boost)  
  65  14:00  Void Ray  
  62  14:05  Void Ray x2  
  62  14:06  Void Ray x2  
  64  14:36  Void Ray  
  63  14:38  Void Ray x2  
  63  14:39  Void Ray x2  
  83  14:54  Void Ray  
  83  14:57  Void Ray  
Show
View Real Time Build Order
Export as new Build Order

TATORREA Protoss - Winner!

Build Orders: Carriers 

Get SALT Encoding   

  12  0:04  Probe  
  13  0:17  Probe  
  14  0:29  Pylon, Probe  
  15  0:47  Probe  
  16  0:54  Gateway  
  16  0:59  Probe  
  17  1:16  Probe  
  18  1:20  Assimilator  
  18  1:24  Pylon  
  18  1:28  Pylon, Probe (Chrono Boost)  
  18  1:31  Assimilator  
  19  1:38  Probe (Chrono Boost)  
  20  1:43  Probe (Chrono Boost)  
  21  1:59  Probe  
  22  2:11  Probe  
  22  2:14  Nexus  
  23  2:20  Cybernetics Core  
  23  2:23  Probe  
  24  2:35  Probe  
  25  2:42  Gateway  
  25  2:44  Gateway  
  25  2:47  Probe  
  26  3:03  Probe  
  26  3:05  Warp Gate (Chrono Boost)  
  27  3:15  Probe  
  27  3:17  Stargate x2  
  28  3:27  Probe  
  29  3:37  Assimilator, Probe (Chrono Boost)  
  29  3:40  Probe (Chrono Boost)  
  31  3:43  Assimilator  
  31  3:46  Pylon  
  32  3:49  Probe (Chrono Boost)  
  32  3:50  Pylon  
  32  3:52  Probe (Chrono Boost)  
  33  3:56  Probe (Chrono Boost)  
  33  3:57  Probe (Chrono Boost)  
  35  4:04  Probe (Chrono Boost)  
  35  4:07  Probe (Chrono Boost)  
  37  4:15  Probe (Chrono Boost)  
  39  4:17  Probe (Chrono Boost)  
  39  4:20  Probe (Chrono Boost)  
  39  4:22  Probe (Chrono Boost)  
  41  4:28  Fleet Beacon  
  41  4:30  Probe  
  42  4:33  Probe  
  43  4:42  Probe  
  43  4:45  Probe  
  45  4:49  Protoss Air Weapons Level 1 (Chrono Boost)  
  45  5:01  Probe x2  
  47  5:13  Probe x2, Nexus  
  49  5:14  Pylon  
  49  5:17  Pylon  
  49  5:19  Carrier (Chrono Boost)  
  49  5:25  Probe x2  
  49  5:26  Carrier (Chrono Boost)  
  63  5:37  Probe x2  
  65  5:49  Probe x2  
  67  6:01  Probe x2  
  69  6:13  Stalker x3, Probe x2  
  77  6:24  Probe  
  78  6:25  Probe  
  78  6:26  Probe  
  80  6:33  Assimilator  
  80  6:36  Probe  
  80  6:38  Assimilator, Probe  
  82  6:42  Nexus  
  82  6:43  Carrier (Chrono Boost)  
  82  6:44  Pylon  
  88  6:47  Pylon  
  88  6:48  Protoss Air Armor Level 1 (Chrono Boost)  
  88  6:52  Probe x3  
  91  6:57  Carrier (Chrono Boost)  
  97  7:12  Probe  
  97  7:13  Probe x2  
  100  7:15  Assimilator  
  100  7:21  Assimilator  
  100  7:24  Probe  
  100  7:25  Probe x2  
  103  7:37  Probe x3  
  104  7:41  Carrier (Chrono Boost)  
  112  7:51  Probe x3  
  114  7:54  Carrier (Chrono Boost)  
  121  8:00  Probe  
  121  8:03  Probe x3  
  125  8:12  Probe  
  126  8:16  Pylon  
  126  8:19  Pylon  
  126  8:25  Pylon  
  126  8:30  Pylon, Carrier (Chrono Boost)  
  132  8:34  Pylon  
  132  8:35  Stargate  
  132  8:37  Stargate  
  132  8:38  Stargate  
  132  8:39  Protoss Air Weapons Level 2 (Chrono Boost)  
  132  8:43  Pylon  
  132  8:47  Pylon  
  132  8:48  Carrier (Chrono Boost)  
  132  8:50  Pylon  
  138  8:57  Pylon  
  138  9:03  Pylon  
  138  9:05  Pylon, Nexus  
  138  9:07  Pylon  
  138  9:09  Pylon x2  
  138  9:11  Pylon  
  154  9:24  Carrier (Chrono Boost)  
  154  9:29  Tempest (Chrono Boost)  
  159  9:36  Tempest (Chrono Boost)  
  159  9:37  Tempest (Chrono Boost), Carrier (Chrono Boost)  
  170  10:00  Tempest (Chrono Boost)  
  170  10:06  Tempest  
  175  10:08  Tempest (Chrono Boost)  
  175  10:14  Carrier (Chrono Boost)  
  186  10:17  Assimilator  
  186  10:18  Assimilator  
  186  10:27  Carrier (Chrono Boost)  
  192  10:36  Carrier (Chrono Boost)  
  198  11:06  Protoss Air Armor Level 2 (Chrono Boost)  
  198  11:21  Gateway  
  198  11:24  Gateway  
  198  11:26  Gateway  
  198  11:28  Gateway  
  198  11:33  Gateway  
  198  11:36  Gateway  
  198  11:38  Gateway  
  198  11:41  Gateway  
  198  11:43  Gateway  
  198  11:53  Gateway, Zealot  
  196  12:48  Forge  
  196  12:49  Forge  
  196  12:50  Forge  
  196  12:53  Twilight Council  
  159  15:49  Nexus  
  148  15:54  Nexus  
Show
View Real Time Build Order
Export as new Build Order

tigro Terran - Winner!

Build Orders:  

Get SALT Encoding   

  12  0:14  SCV  
  13  0:20  Supply Depot  
  13  0:26  SCV  
  14  0:43  Supply Depot  
  14  0:46  Barracks  
  14  0:50  Refinery  
  14  0:52  SCV  
  15  1:32  Marine  
  16  1:35  SCV  
  17  1:46  Refinery  
  17  1:47  SCV  
  17  1:50  Marine  
  19  1:59  SCV  
  20  2:06  Factory  
  20  2:08  Marine  
  21  2:11  SCV  
  22  2:23  SCV  
  22  2:26  Marine  
  24  2:35  SCV  
  25  2:43  Marine  
  26  2:47  SCV  
  26  2:50  Factory Tech Lab  
  27  2:56  Engineering Bay  
  27  3:00  SCV  
  27  3:02  Barracks Tech Lab  
  28  3:12  Orbital Command  
  28  3:15  Siege Tank  
  31  3:24  Combat Shield  
  31  3:47  Siege Tank  
  34  3:58  Command Center  
  34  4:06  Terran Infantry Weapons Level 1  
  34  4:32  Marine  
  35  4:43  Stimpack  
  35  4:50  Marine  
  36  4:56  Missile Turret  
  36  5:08  Marine  
  36  5:13  SCV, Refinery  
  38  5:16  SCV  
  39  5:21  Missile Turret  
  39  5:25  SCV  
  39  5:26  Marine  
  39  5:28  SCV  
  42  5:38  SCV  
  42  5:40  SCV  
  44  5:44  Marine  
  44  5:46  Missile Turret  
  45  5:50  SCV  
  46  6:01  Terran Infantry Armor Level 1  
  46  6:02  SCV  
  42  6:16  Missile Turret  
  42  6:38  Missile Turret  
  42  6:45  Marine  
  43  6:48  Siege Tank  
  46  7:03  Marine  
  47  7:09  Missile Turret  
  47  7:20  Siege Tank  
  47  7:21  Marine  
  43  7:39  Marine  
  44  7:48  Missile Turret  
  43  7:52  Siege Tank  
  43  7:54  Neosteel Armor  
  43  7:57  Marine, Starport  
  47  8:10  Missile Turret  
  47  8:35  Starport  
  47  8:38  Command Center  
  47  8:45  Marine, Missile Turret  
  48  8:53  Medivac  
  48  8:54  Armory  
  50  9:02  Marine  
  50  9:07  Missile Turret  
  51  9:20  Marine  
  51  9:23  Medivac  
  54  9:28  Missile Turret  
  54  9:35  Hi-Sec Auto Tracking  
  54  9:38  Marine  
  55  9:49  Refinery  
  55  9:51  Missile Turret  
  55  9:54  Refinery  
  55  9:55  Starport Tech Lab  
  55  9:56  Marine  
  55  9:57  Starport Tech Lab  
  56  10:05  Fusion Core  
  56  10:07  Thor  
  62  10:19  SCV  
  63  10:24  Marine  
  64  10:31  SCV  
  64  10:32  Terran Vehicle Weapons Level 1  
  65  10:42  Marine  
  65  10:43  Refinery  
  65  10:44  SCV x2  
  65  10:49  Thor  
  68  10:53  Supply Depot  
  68  10:56  SCV x2  
  76  11:00  Marine  
  77  11:15  Supply Depot, SCV  
  77  11:18  Marine  
  73  11:28  SCV  
  73  11:32  Thor  
  69  11:36  Marine  
  69  11:39  Supply Depot  
  69  11:40  SCV  
  70  12:03  Supply Depot  
  70  12:15  Thor  
  76  12:20  Command Center  
  76  12:26  Medivac, Terran Vehicle And Ship Armor Level 1  
  76  12:27  Medivac  
  76  12:29  Marine  
  81  12:47  Marine  
  82  12:58  Thor  
  88  13:05  Marine  
  89  13:21  Missile Turret  
  89  13:23  Marine  
  88  13:41  Marine, Missile Turret  
  82  13:58  Marine  
  82  14:03  Missile Turret  
  82  14:10  Battlecruiser x2  
  82  14:16  Marine  
  95  14:25  Missile Turret  
  95  14:34  Marine  
  96  14:48  Missile Turret  
  96  14:49  Thor  
  96  14:52  Marine  
  102  15:09  Missile Turret  
  102  15:10  Marine  
  120  15:51  Missile Turret  
  120  15:55  Refinery  
Show
View Real Time Build Order
Export as new Build Order

MrFercho Zerg - Winner!

Build Orders: Pool First 

Get SALT Encoding   

  12  0:20  Spawning Pool  
  11  0:24  Drone  
  11  0:28  Drone  
  13  0:34  Drone  
  14  0:42  Overlord  
  14  1:00  Drone x2  
  16  1:10  Zergling x2  
  17  1:22  Drone  
  18  1:27  Hatchery  
  17  1:40  Drone  
  17  1:43  Overlord  
  18  1:54  Extractor  
  18  1:56  Zergling x2  
  18  2:10  Drone  
  18  2:14  Drone  
  20  2:18  Queen  
  22  2:24  Drone  
  23  2:33  Drone  
  24  2:46  Drone  
  24  2:47  Drone  
  24  2:48  Queen  
  28  2:51  Overlord  
  28  2:54  Drone  
  29  3:01  Drone  
  30  3:10  Metabolic Boost  
  30  3:13  Drone x2  
  32  3:21  Drone  
  32  3:22  Drone  
  34  3:29  Drone x3  
  37  3:36  Overlord  
  37  3:42  Queen  
  41  3:48  Drone x2  
  41  3:50  Drone  
  41  3:54  Drone  
  43  4:02  Lair  
  43  4:04  Drone  
  43  4:05  Overlord  
  44  4:25  Zergling x2  
  44  4:26  Zergling x12  
  51  4:35  Baneling Nest  
  50  4:41  Drone  
  50  4:44  Zergling x2  
  50  4:45  Zergling x12  
  58  4:48  Overlord  
  58  4:58  Overlord  
  58  5:09  Hatchery  
  58  5:11  Drone  
  58  5:14  Evolution Chamber  
  58  5:15  Zergling x2  
  58  5:16  Zergling x14  
  58  5:17  Overlord  
  65  5:27  Queen x2  
  69  5:29  Overlord x2  
  69  5:35  Nydus Network  
  69  5:40  Zergling x6  
  69  5:41  Zergling x2  
  72  5:52  Zergling x2  
  72  5:53  Zergling x2  
  74  6:02  Queen  
  74  6:03  Pneumatized Carapace  
  56  7:01  Drone x2  
  56  7:02  Hydralisk Den  
  56  7:04  Drone x3  
  56  7:05  Drone  
  56  7:07  Zerg Melee Weapons Level 1, Extractor  
  56  7:15  Drone x5  
  56  7:16  Drone x2  
  56  7:17  Evolution Chamber, Drone  
  56  7:19  Extractor  
  56  7:21  Extractor  
  55  7:30  Zergling x18  
  55  9:29  Hydralisk x17  
  55  9:30  Hydralisk x3  
  95  9:44  Muscular Augments  
  95  10:31  Infestation Pit  
  95  10:32  Zerg Ground Armor Level 1, Zerg Missile Weapons Level 1  
  95  10:33  Hydralisk x2  
  98  10:38  Drone  
  98  10:39  Drone  
  100  10:55  Grooved Spines  
  100  11:03  Lurker Den  
  99  11:10  Hatchery  
  98  11:26  Hydralisk  
  98  11:27  Hydralisk x3  
  98  11:29  Overlord  
  98  11:30  Overlord x4  
  98  11:31  Overlord x5  
  106  11:36  Hydralisk  
  106  11:55  Overlord x3  
  106  11:56  Zergling x2  
  106  11:57  Zergling x38  
  126  12:25  Hive  
  126  12:26  Hatchery, Overseer  
  126  12:28  Zerg Missile Weapons Level 2, Zerg Ground Armor Level 2  
  125  12:30  Hydralisk x5  
  125  12:31  Hatchery x2, Hydralisk  
  135  12:46  Hydralisk x3  
  141  13:08  Drone x14  
  139  13:41  Extractor  
  138  13:42  Extractor  
  138  13:43  Hydralisk x11  
  159  13:53  Hydralisk x4  
  167  14:16  Hydralisk x5  
  177  14:28  Hydralisk x2  
Tags
 
Add a new tag
Caveats
  • Supply blocks, unpowered buildings, or Contaminate may cause inaccurate times.
  • Supply counts are checked every 10 seconds.